 Dungeon Sprint DCSS version 0.22-a0-322-g60b3cfd (webtiles) character file.

723 Deathtrap2010 the Cleaver (level 7, -6/71 HPs)
             Began as a Minotaur Fighter on Apr 6, 2018.
             Was a Believer of Trog.
             Shot with an arrow by a centaur warrior (20 damage)
             ... in the Dungeon (Sprint IX: "|||||||||||||||||||||||||||||").
             The game lasted 00:02:44 (152 turns).

Deathtrap2010 the Cleaver (Minotaur Fighter)         Turns: 152, Time: 00:02:44

Health: -6/71      AC: 11    Str: 22    XL:     7   Next: 43%
Magic:  6/6        EV: 11    Int:  8    God:    Trog [**....]
Gold:   0          SH: 12    Dex: 10    Spells: 6/6 levels left

rFire    . . .     SeeInvis .   p - +1 broad axe (chop)
rCold    . . .     Gourm    .   c - +0 shield
rNeg     . . .     Faith    .   b - +0 scale mail
rPois    .         Spirit   .   (helmet restricted)
rElec    .         Reflect  .   (no cloak)
rCorr    .         Harm     .   (no gloves)
MR       .....     NoTele   +   o - +0 pair of boots
Stlth    ..........             (no amulet)
HPRegen  0.21/turn              m - +2 ring of protection
MPRegen  0.10/turn              n - +3 ring of intelligence

@: hasted, very quick
A: retaliatory headbutt, horns 2
a: Berserk, Trog's Hand, Renounce Religion


You were in the Dungeon.
You worshipped Trog.
Trog was pleased with you.
You were not hungry.

You visited 1 branch

Inventory:

Hand Weapons
 p - a +1 broad axe of chopping (weapon)
Armour
 b - a +0 scale mail (worn)
 c - a +0 shield (worn)
 o - a +0 pair of boots (worn)
Jewellery
 m - a +2 ring of protection (left hand)
 n - a +3 ring of intelligence (right hand)
Scrolls
 j - 3 scrolls of remove curse
 k - 2 scrolls of blinking
Potions
 d - a potion of invisibility
 e - 5 potions of curing
 g - a potion of heal wounds
 i - 4 potions of magic
Comestibles
 f - a ration


   Skills:
 * Level 9.6 Fighting
 * Level 10.3 Axes
 * Level 9.3 Armour
 * Level 5.4 Dodging
 * Level 10.2 Shields


You had 6 spell levels left.
You didn't know any spells.

Dungeon Overview and Level Annotations

Branches:
Dungeon (1/1)

Altars:
Cheibriados
Dithmenos
Elyvilon
Fedhas
Gozag
Hepliaklqana
Kikubaaqudgha
Makhleb
Nemelex Xobeh
Okawaru
Qazlal
Ru
Sif Muna
Trog
Uskayaw
Vehumet
Wu Jian
Xom
Yredelemnul
Zin
The Shining One
Beogh
Jiyva
Lugonu


Innate Abilities, Weirdness & Mutations

You reflexively headbutt those who attack you in melee.
You have a pair of horns on your head.


Message History

The manticore is severely wounded.
You carefully extract the barbed spikes from your body.
The sky beast flickers out of sight!
Deactivating autopickup; reactivate with Ctrl-A.
The manticore bites you! The manticore claws you!
* * * LOW HITPOINT WARNING * * *
The manticore claws you.
* * * LOW HITPOINT WARNING * * *
You slash the manticore!
You kill the manticore!
Trog accepts your kill.
Your Fighting skill increases to level 9!
Your Axes skill gained 3 levels and is now at level 10!
Your Armour skill increases to level 9!
Your Dodging skill increases to level 5!
Your Shields skill increases to level 10!
You have reached level 7!
The centaur warrior wields a shortbow.
The centaur warrior shoots an arrow.
The arrow hits you!!
You die...

▓.▓
▓†▓
▓(▓
▓)▓
▓.▓
▓.▓
▓.▓
▓.▓
▓@▓
▓†▓
▓c▓
▓Y▓
▓C▓
▓{▓
▓C▓
▓+▓


You could see a catoblepas, a centaur warrior and 2 cyclopes.

Vanquished Creatures
  A manticore (D)
  An ogre (D)
  A centaur (D)
  A big kobold (D)
  A gnoll sergeant (D)
  2 worker ants (D)
  An adder (D)
  2 adder zombies (D)
  An orc (D)
  3 kobolds (D)
  A bat (D)
  A quokka skeleton (D)
  A rat (D)
17 creatures vanquished.

Notes
Turn   | Place    | Note
-------+----------+-------------------------------------------
     0 | D        | Deathtrap2010 the Minotaur Fighter began the quest for the Orb.
     0 | D        | Reached XP level 1. HP: 19/19 MP: 0/0
    20 | D        | Noticed an ogre
    20 | D        | Noticed a gnoll sergeant
    27 | D        | Killed an ogre
    27 | D        | Reached XP level 2. HP: 25/30 MP: 1/1
    27 | D        | Reached XP level 3. HP: 31/37 MP: 2/2
    27 | D        | Reached XP level 4. HP: 37/44 MP: 3/3
    37 | D        | Killed a gnoll sergeant
    37 | D        | Reached skill level 5 in Axes
    37 | D        | Reached XP level 5. HP: 5/52 MP: 4/4
    43 | D        | Found a roughly hewn altar of Beogh.
    43 | D        | Found a snail-covered altar of Cheibriados.
    43 | D        | Found a shadowy altar of Dithmenos.
    43 | D        | Found a white marble altar of Elyvilon.
    43 | D        | Found a blossoming altar of Fedhas.
    43 | D        | Found an opulent altar of Gozag.
    44 | D        | Found a hazy altar of Hepliaklqana.
    45 | D        | Found a viscous altar of Jiyva.
    46 | D        | Found an ancient bone altar of Kikubaaqudgha.
    47 | D        | Found a corrupted altar of Lugonu.
    48 | D        | Found a burning altar of Makhleb.
    49 | D        | Found a sparkling altar of Nemelex Xobeh.
    50 | D        | Found an iron altar of Okawaru.
    51 | D        | Found a stormy altar of Qazlal.
    52 | D        | Found a sacrificial altar of Ru.
    53 | D        | Found a deep blue altar of Sif Muna.
    54 | D        | Found a bloodstained altar of Trog.
    55 | D        | Found a hide-covered altar of Uskayaw.
    56 | D        | Found a radiant altar of Vehumet.
    57 | D        | Found an ornate altar of the Wu Jian Council.
    58 | D        | Found a shimmering altar of Xom.
    61 | D        | Found a basalt altar of Yredelemnul.
    62 | D        | Found a glowing silver altar of Zin.
    63 | D        | Found a glowing golden altar of the Shining One.
    64 | D        | Became a worshipper of Trog the Wrathful
   114 | D        | Noticed a centaur
   125 | D        | Reached * piety under Trog
   126 | D        | Killed a centaur
   126 | D        | Reached XP level 6. HP: 41/62 MP: 5/5
   134 | D        | Reached ** piety under Trog
   140 | D        | Noticed a manticore
   140 | D        | Noticed a centaur warrior
   140 | D        | Noticed a catoblepas
   140 | D        | Noticed a cyclops
   140 | D        | Noticed a sky beast
   140 | D        | Noticed a cyclops
   152 | D        | Killed a manticore
   152 | D        | Reached skill level 10 in Axes
   152 | D        | Reached skill level 5 in Dodging
   152 | D        | Reached skill level 10 in Shields
   152 | D        | Reached XP level 7. HP: 14/71 MP: 6/6
   152 | D        | Shot with an arrow by a centaur warrior

Vault maps used:
D:        linesprint

Skill      XL: |  1  2  3  4  5  6 |
---------------+-------------------+-----
Fighting       | 6 7 8 9 |  9.6
Armour         | 6 7 8 9 |  9.3
Shields        | 6 7 8 10 | 10.2
Axes           | 4 5 7 10 | 10.3
Dodging        | 2 3 4 5 |  5.4

Action                   |  1- 3 |  4- 6 |  7- 9 || total
-------------------------+-------+-------+-------++-------
Melee: War axe           |    15 |     8 |       ||    23
       Headbutt          |     1 |     1 |       ||     2
       Broad axe         |       |    27 |       ||    27
  Use: Potion            |     2 |     3 |       ||     5
Armor: Scale mail        |     6 |    19 |       ||    25
Dodge: Dodged            |     8 |    13 |       ||    21
Block: Shield            |     9 |    18 |       ||    27

Table legend:
 A = Spawn XP
 B = Non-spawn XP
 C = Spawn XP percentage of total XP
 D = Spawn monster count
 E = Non-spawn monster count
 F = Spawn count percentage of total count
 G = Total turns spent on level
                    A         B        C        D         E        F      G
               +---------+---------+-------+---------+---------+-------+---------
         Total |       0 |    1034 |   0.0 |       0 |      17 |   0.0 |   152
               +---------+---------+-------+---------+---------+-------+---------
             D |       0 |    1034 |   0.0 |       0 |      17 |   0.0 |   152
               +---------+---------+-------+---------+---------+-------+---------
